 Dungeon Crawl Stone Soup version 0.19-a0-1111-gcceb26a (webtiles) character file.

86 HAL9000 the Ruffian (level 4, -5/35 HPs)
             Began as a Draconian Transmuter on Aug 10, 2016.
             Slain by an orc
             ... wielding a +0 flail
              (10 damage)
             ... on level 3 of the Dungeon.
             The game lasted 00:05:17 (1851 turns).

HAL9000 the Ruffian (Draconian Transmuter)          Turns: 1851, Time: 00:05:17

Health: -5/35      AC:  6    Str: 12 (13) XL:     4   Next: 26%
Magic:  0/7        EV: 12    Int: 10 (13) God:
Gold:   167        SH:  0    Dex: 10 (12) Spells: 3 memorised, 1 level left

rFire  + . .     SeeInvis .       - Unarmed
rCold  x . .     Gourm    .     (armour unavailable)
rNeg   . . .     Faith    .     (no shield)
rPois  .         Spirit   +     (helmet restricted)
rElec  .         Dismiss  .     (no cloak)
rCorr  .         Reflect  .     (no gloves)
SustAt .         Harm     .     o - +0 pair of boots
MR     .....                    s - amulet of guardian spirit
Stlth  +.........               l - ring of fire
                                d - ring of flight

@: appendage, very slightly contaminated
A: unfitting armour, horns 2, cold-blooded, AC +5
a: End Transformation, Evoke Flight


You were on level 3 of the Dungeon.
You were very hungry.
You had grown temporary horns.
You visited 1 branch of the dungeon, and saw 3 of its levels.

You collected 167 gold pieces.

Inventory:

Missiles
 a - 44 arrows
Armour
 o - a +0 pair of boots (worn)
Jewellery
 d - a ring of flight (left hand)
 l - a ring of fire (right hand)
 s - an amulet of guardian spirit (around neck)
Wands
 q - a wand of acid (9/15)
Scrolls
 e - a scroll of random uselessness {unknown}
 f - 7 scrolls of identify {unknown}
 g - 2 scrolls of teleportation {unknown}
 i - a scroll of recharging {unknown}
 j - a scroll of fear {unknown}
 m - a scroll of magic mapping {unknown}
 r - 6 scrolls of remove curse {unknown}
Potions
 t - a potion of lignification {unknown}
 u - a potion of cure mutation {unknown}
Books
 b - a book of Changes

   Spells                             Type                      Level
   a - Beastly Appendage              Transmutation                1
   b - Sticks to Snakes               Transmutation                2
   c - Spider Form                    Transmutation/Poison         3
   d - Ice Form                       Ice/Transmutation            4
   e - Blade Hands                    Transmutation                5
Comestibles
 c - 2 bread rations
 h - 3 meat rations
 n - a beef jerky


   Skills:
 - Level 1.1 Fighting
 - Level 1.7 Dodging
 + Level 4.2 Unarmed Combat
 - Level 2.0 Spellcasting
 + Level 3.5 Transmutations


You had one spell level left.
You knew the following spells:

 Your Spells              Type           Power        Failure   Level  Hunger
a - Beastly Appendage     Tmut           #.....       10%         1    ##.....
b - Sticks to Snakes      Tmut           #.......     12%         2    ###....
c - Spider Form           Tmut/Pois      #.........   52%         3    ####...


Dungeon Overview and Level Annotations

Branches:
Dungeon (3/15)

Altars:


Innate Abilities, Weirdness & Mutations

Your plain brown scales are hard. (AC +5)
Your body does not fit into most forms of armour.
You are cold-blooded and may be slowed by cold attacks.
You have a pair of horns on your head.


Message History

The goblin is moderately wounded.
The goblin closely misses you.
Unknown command.
You hit the goblin.
You kill the goblin!
Unknown command.
The orc priest invokes the aid of Beogh against you.
Pain shoots through your body! The orc hits you but does no damage.
You closely miss the orc priest. You headbutt the orc priest.
You tail-slap the orc priest, but do no damage.
The orc priest is moderately wounded.
You are feeling very hungry.
The orc priest invokes the aid of Beogh against you.
Beogh smites you!
* * * LOW HITPOINT WARNING * * *
It was a potion of degeneration.
There was something very wrong with that liquid.
You feel weakened.
You feel dopey.
You feel clumsy. The orc hits you with a flail!
You die...

#.# #.# #.# #.# #.#
#.########...
##########.....)o..#
#..........o######.#
###.######@#######.
#.# #oo)......######
#.# ###########....#
#.# #...........##.#
#.# #.############.#
#.# #.#<...# #.# #.#
#.####.# #.# #.# #.#
#.# #.# #.# #.# #.#
#.#


You could see an orc priest and 2 orcs.

Vanquished Creatures
  An orc priest (D:3)
  An ooze (D:2)
  A worm (D:2)
  2 giant geckos (D:1)
  An orc (D:3)
  2 giant cockroaches
  9 goblins
  6 hobgoblins
  2 jackals (D:1)
  A ball python (D:1)
  13 bats
  A giant newt (D:1)
  4 kobolds
  2 rats
46 creatures vanquished.

Notes
Turn   | Place    | Note
-------+----------+-------------------------------------------
     0 | D:1      | HAL9000 the Draconian Transmuter began the quest for the Orb.
     0 | D:1      | Reached XP level 1. HP: 16/16 MP: 3/3
   175 | D:1      | Reached XP level 2. HP: 23/23 MP: 3/5
   765 | D:1      | Reached XP level 3. HP: 14/28 MP: 4/6
  1339 | D:2      | Learned a level 2 spell: Sticks to Snakes
  1343 | D:2      | Learned a level 3 spell: Spider Form
  1837 | D:3      | Reached skill level 4 in Unarmed Combat
  1837 | D:3      | Reached XP level 4. HP: 23/35 MP: 0/7
  1851 | D:3      | Slain by an orc

Vault maps used:
D:1:      minmay_arrival_stone_box, st_stairs_9
D:2:      minmay_door_path
D:3:      led_sif_pool

Skill      XL: |  1  2  3 |
---------------+----------+-----
Transmutations | 3 |  3.5
Unarmed Combat | 4 |  4.2
Fighting       | |  1.1
Dodging        | |  1.7
Spellcasting   | |  2.0

Action                   |  1- 3 |  4- 6 || total
-------------------------+-------+-------++-------
Melee: Unarmed           |   153 |     6 ||   159
       Tailslap          |    15 |     1 ||    16
       Kick              |     7 |       ||     7
       Headbutt          |     9 |     3 ||    12
       Punch             |     3 |       ||     3
 Cast: Beastly Appendage |    23 |     1 ||    24
  Use: Potion            |       |     1 ||     1
 Stab: Sleeping          |     1 |       ||     1
  Eat: Chunk             |     3 |       ||     3
Armor: Skin              |    52 |     1 ||    53
Dodge: Dodged            |   153 |     4 ||   157
